 Dungeon Crawl Stone Soup version 0.30.1-11-g7821555f0a (webtiles) character file.

Game seed: 13929560932480776067

26 Kallu the Digger (level 2, -5/20 HPs)
             Began as a Draconian Earth Elementalist on Jan 3, 2024.
             Slain by Terence
             ... wielding a +0 morningstar
              (9 damage)
             ... on level 2 of the Dungeon.
             The game lasted 00:03:57 (1586 turns).

Kallu the Digger (Draconian Earth Elementalist)     Turns: 1586, Time: 00:03:57

Health: -5/20      AC:  6    Str: 10    XL:     2   Next: 89%
Magic:  5/5        EV: 12    Int: 15    God:
Gold:   146        SH:  0    Dex: 11    Spells: 5/6 levels left

rFire   . . .        i - +0 dagger
rCold   . . .        (no shield)
rNeg    . . .        (body armour unavailable)
rPois   .            (helmet restricted)
rElec   .            g - +0 cloak
rCorr   .            d - +0 pair of gloves
SInv    .            (no boots)
Will    .....        (no amulet)
Stlth   ++           (no ring)
HPRegen 0.23/turn    (no ring)
MPRegen 0.09/turn

%: no passive effects
@: no status effects
A: AC +4, unfitting armour, cold-blooded
a: no special abilities


You were on level 2 of the Dungeon.
You visited 1 branch of the dungeon, and saw 2 of its levels.

You collected 146 gold pieces.

Inventory:

Hand Weapons
 i - a +0 dagger (weapon)
Armour
 d - a +0 pair of gloves (worn)
 g - a +0 cloak (worn)
Scrolls
 b - 2 scrolls of identify
Potions
 a - a potion of magic


   Skills:
 - Level 1.7 Dodging
 - Level 1.7 Stealth
 + Level 2.6 Spellcasting
 - Level 1.0 Transmutations
 + Level 3.6 Earth Magic


You had 5 spell levels left.
You knew the following spells:

 Your Spells              Type           Power      Damage    Failure   Level
a - Sandblast             Erth           24%        2d8       4%          1

Your spell library contained the following spells:

 Spells                   Type           Power      Damage    Failure   Level
 Passwall                 Tmut/Erth      6%         N/A       12%         2
 Stone Arrow              Conj/Erth      14%        3d7       30%         3
 Petrify                  Tmut/Erth      8%         N/A       63%         4


Dungeon Overview and Level Annotations

Branches:
Dungeon (2/15)

Altars:
Makhleb

Annotations:
D:2 Terence


Innate Abilities, Weirdness & Mutations

Your plain brown scales are hard. (AC +4)
You cannot fit into any form of body armour.
You are cold-blooded and may be slowed by cold attacks.


Message History

You see here a ball python corpse.
Terence attacks as you move away! Terence hits you with a +0 morningstar!
You fade into invisibility!
Terence closely misses you.
You barely miss Terence. Terence hits you with a +0 morningstar!
* * * LOW HITPOINT WARNING * * *
There is a stone staircase leading up here.
You see here a +0 cloak.
You see here a +0 ring mail.
Terence says, "Time to say good-bye..."
You flicker for a moment.
You flicker back into view.
It was a potion of curing.
You feel better. Terence barely misses you. Terence attacks as you move away!
Terence hits you but does no damage.
Okay, then.
Terence attacks as you move away! Terence closely misses you.
Terence attacks as you move away! Terence hits you with a +0 morningstar.
Terence attacks as you move away! Terence barely misses you.
Terence attacks as you move away! Terence hits you but does no damage.
Terence bares his teeth.
Terence shouts, "Get ready for death!"
Terence says, "Time to say good-bye..."
Terence attacks as you move away! Terence hits you but does no damage.
Terence attacks as you move away! Terence hits you with a +0 morningstar.
Terence attacks as you move away! Terence misses you.
Terence says, "Don't bother to defend, it's useless."
Found a stone staircase leading down.
Terence attacks as you move away! Terence hits you with a +0 morningstar.
Found an embroidered scarf.
Found a burning altar of Makhleb.
Terence attacks as you move away! Terence hits you with a +0 morningstar.
Terence attacks as you move away! Terence barely misses you.
Terence attacks as you move away! Terence barely misses you.
Terence attacks as you move away! Terence hits you with a +0 morningstar!
Terence attacks as you move away! Terence closely misses you.
Terence attacks as you move away! Terence closely misses you.
Terence attacks as you move away! Terence hits you with a +0 morningstar.
* * * LOW HITPOINT WARNING * * *
Terence attacks as you move away! Terence hits you with a +0 morningstar!
You die...

....###.............#
..###..>.[...#####..#
#.###.#.##.#.# #..#
#.##....##.#.# #..#
#....#.......# #..#
##...#.......# #..#
...#####.#....# #..#
##...#...##.#.####..#
####.#..###.....@@..#
# #....# ##...###.##
##.................#
##.....#####...#####
##.._..# # .##
##.....# #.....#
#...#.# .... ..


You could see Terence.

Vanquished Creatures
  2 endoplasms (D:1)
  A giant cockroach (D:1)
  2 hobgoblins (D:2)
  2 jackals (D:2)
  A kobold (D:2)
  2 quokkas (D:1)
  2 ball pythons
  5 bats
  3 frilled lizards (D:1)
  3 goblins
  3 rats (D:1)
26 creatures vanquished.

Notes
Turn   | Place    | Note
-------+----------+-------------------------------------------
     0 | D:1      | Kallu the Draconian Earth Elementalist began the quest for
                  | the Orb.
     0 | D:1      | Reached XP level 1. HP: 14/14 MP: 3/3
   472 | D:1      | Reached XP level 2. HP: 20/20 MP: 3/5
   579 | D:1      | Found a faded altar of an unknown god.
  1376 | D:2      | Noticed Terence
  1388 | D:2      | Identified a scroll of acquirement
  1388 | D:2      | Acquired the ring of Kuasch {rCorr Str-5 Int+6 Dex+2
                  | Stlth+}
  1560 | D:2      | Found a burning altar of Makhleb.
  1586 | D:2      | Slain by Terence

Illustrated notes

Levels and vault maps discovered:
D:1:      amcnicky_arrival_flooded_fountain, layout_loops_corners,
          dilly_ecumenical_altar_fadedgnrine, minmay_misc_feat_diagonals
D:2:      layout_loops_ring, basic_altar, uniq_terence, uniq_jessica

Action                     || total
---------------------------++-------
  Melee: Unarmed           ||     4
         Dagger            ||     5
   Cast: Sandblast         ||    35
    Use: Scroll            ||     5
         Potion            ||     3
   Stab: Sleeping          ||     1
 Armour: Skin              ||    10
  Dodge: Dodged            ||    26
